 Dungeon Crawl Stone Soup version 0.26.0-10-g1f06aea511 (webtiles) character file.

Game seed: 14384536697438666580

282 Arum the Shield-Bearer (level 6, -4/49 HPs)
             Began as a Formicid Fighter on Jan 15, 2021.
             Slain by an ice beast (14 damage)
             ... on level 3 of the Dungeon.
             The game lasted 00:04:38 (2872 turns).

Arum the Shield-Bearer (Formicid Fighter)           Turns: 2872, Time: 00:04:38

Health: -4/49      AC:  9    Str: 22    XL:     6   Next: 53%
Magic:  6/6        EV:  8    Int:  8    God:
Gold:   187        SH: 10    Dex: 10    Spells: 5/5 levels left

rFire    . . .     SeeInvis +   t - +0 mace (vorpal)
rCold    . . .     Faith    .   c - +0 kite shield
rNeg     + . .     Spirit   .   b - +0 scale mail
rPois    .         Reflect  .   (helmet unavailable)
rElec    .         Harm     +   g - scarf {harm}
rCorr    .         Rampage  .   (no gloves)
Will     .....                  r - +1 pair of boots
Stlth    ..........             (no amulet)
HPRegen  0.16/turn              n - ring of positive energy
MPRegen  0.10/turn              (no ring)

@: no status effects
A: permanent stasis, dig shafts and tunnels, four strong arms, antennae 3
a: Dig, Shaft Self


You were on level 3 of the Dungeon.
You visited 1 branch of the dungeon, and saw 3 of its levels.

You collected 187 gold pieces.

Inventory:

Hand Weapons
 a - a +0 flail
 t - a +0 vorpal mace (weapon)
Armour
 b - a +0 scale mail (worn)
 c - a +0 kite shield (worn)
 g - a scarf of harm (worn)
 r - a +1 pair of boots (worn)
Jewellery
 n - a ring of positive energy (left hand)
Wands
 w - a wand of polymorph (6)
Scrolls
 e - 4 scrolls of identify {unknown}
 f - a scroll of amnesia {unknown}
 h - 4 scrolls of enchant weapon {unknown}
 m - a scroll of noise {unknown}
 o - 2 scrolls of enchant armour {unknown}
 p - a scroll of teleportation {unknown}
 q - 2 scrolls of immolation {unknown}
Potions
 d - a potion of might
 i - a potion of degeneration {unknown}
 j - a potion of brilliance {unknown}
 k - a potion of haste {unknown}
 l - a potion of ambrosia {unknown}
 s - a potion of attraction {unknown}
 u - a potion of heal wounds {unknown}
 v - a potion of invisibility {unknown}


   Skills:
 + Level 4.7 Fighting
 + Level 3.5 Maces & Flails
 + Level 4.6 Armour
 + Level 5.1 Shields


You had 5 spell levels left.
You didn't know any spells.
Your spell library was empty.

Dungeon Overview and Level Annotations

Branches:
Dungeon (3/15)

Altars:
Ashenzari
Cheibriados


Innate Abilities, Weirdness & Mutations

You cannot be hasted, slowed, berserked, paralysed or teleported.
You can dig through walls and to a lower floor.
Your four strong arms can wield two-handed weapons with a shield.
You have a pair of large antennae on your head. (SInv)


Message History

* * * LOW HITPOINT WARNING * * *
You are too injured to fight recklessly!
You are too injured to fight recklessly!
You are too injured to fight recklessly!
You are too injured to fight recklessly!
You are too injured to fight recklessly!
You are too injured to fight recklessly!
You are too injured to fight recklessly!
You are too injured to fight recklessly!
You are too injured to fight recklessly!
You are too injured to fight recklessly!
You are too injured to fight recklessly!
You are too injured to fight recklessly!
You are too injured to fight recklessly!
You closely miss the ice beast.
The ice beast hits you but does no damage.
The ice beast hits you.
* * * LOW HITPOINT WARNING * * *
The ice beast freezes you!
You die...

#.......#..†......#
#.##....#.........#
#.#.....+.........#
#.###)..#####+#+###
#.#.....# #.#.###.#
#.#.# ...
#.#.#######
#.#..@.# #.####Y#
#.# .# .. {.#. ##.#
#


You could see an ice beast.

Vanquished Creatures
  An orc priest (D:2)
  2 orc wizards (D:2)
  7 gnolls (D:2)
  4 adders
  2 oozes (D:1)
  3 worms
  2 dart slugs
  4 leopard geckos
  2 orcs (D:2)
  3 giant cockroaches
  8 goblins
  9 hobgoblins
  3 jackals (D:2)
  A quokka (D:2)
  7 bats
  3 frilled lizards
  6 kobolds
  3 rats
70 creatures vanquished.

Notes
Turn   | Place    | Note
-------+----------+-------------------------------------------
     0 | D:1      | Arum the Formicid Fighter began the quest for the Orb.
     0 | D:1      | Reached XP level 1. HP: 18/18 MP: 1/1
   244 | D:1      | Reached XP level 2. HP: 24/24 MP: 2/2
   404 | D:1      | Reached skill level 4 in Shields
   575 | D:1      | Reached XP level 3. HP: 16/29 MP: 3/3
  1045 | D:2      | Found a broken altar of Ashenzari.
  1250 | D:2      | Reached XP level 4. HP: 29/37 MP: 4/4
  1476 | D:2      | Reached XP level 5. HP: 28/42 MP: 5/5
  1481 | D:2      | Found a snail-covered altar of Cheibriados.
  1897 | D:2      | Reached XP level 6. HP: 10/49 MP: 6/6
  1903 | D:2      | HP: 1/49 [orc/+2 mace of protection (6)]
  1904 | D:2      | Reached skill level 5 in Shields
  2869 | D:3      | Noticed an ice beast
  2872 | D:3      | Slain by an ice beast

Illustrated notes

Levels and vault maps discovered:
D:1:      heliophobic_arrival_ceremonial_halls, layout_basic
D:2:      layout_rooms, ashenzari_altar_1, general_overflow_altar,
          minmay_quadrilaterals
D:3:      cheibrodos_pilgrimage, layout_basic

Skill      XL: |  1  2  3  4  5  6 |
---------------+-------------------+-----
Shields        | 4 5 |  5.1
Fighting       | 4 |  4.7
Armour         | 4 |  4.6
Maces & Flails | 3 |  3.5

Action                   |  1- 3 |  4- 6 || total
-------------------------+-------+-------++-------
Melee: Flail             |   104 |    91 ||   195
       Mace              |       |    83 ||    83
 Abil: Dig               |     1 |     2 ||     3
Armor: Scale mail        |    55 |    67 ||   122
Dodge: Dodged            |    46 |    53 ||    99
Block: Kite shield       |    63 |    88 ||   151
